Map: Acropolis LE

Players

Woah - Winner!

  • Race: Terran Terran
  • Spawn Location: 5:00

nicesticky

  • Race: Zerg Zerg
  • League: Diamond
  • Spawn Location: 11:00

VOD

Have the link to the VOD?

Description

Time

  • Played on: June 14, 2019, 4:21 p.m.
  • Length: 10:56
Show
View Real Time Build Order
Export as new Build Order

Woah Terran - Winner!

Build Orders: Reaper Expand 

Get SALT Encoding   

  12  0:02  SCV  
  13  0:15  SCV  
  13  0:18  Supply Depot  
  14  0:28  SCV  
  15  0:40  SCV  
  15  0:41  Barracks  
  16  0:44  Refinery  
  16  0:52  SCV  
  17  1:04  SCV  
  18  1:17  SCV  
  19  1:27  Reaper  
  19  1:29  Orbital Command  
  20  1:42  Command Center  
  20  1:53  Barracks  
  20  1:56  SCV  
  21  2:05  Barracks Reactor  
  21  2:08  Supply Depot  
  21  2:11  Refinery  
  21  2:13  SCV  
  22  2:28  SCV  
  23  2:40  SCV  
  23  2:41  Barracks Tech Lab  
  23  2:42  Factory  
  23  2:46  Marine  
  23  2:47  Marine  
  25  2:52  SCV  
  25  2:56  Orbital Command  
  26  3:01  Stimpack  
  26  3:04  Marine x2  
  28  3:07  SCV  
  28  3:10  Marine  
  30  3:21  SCV  
  30  3:22  Marine x2  
  30  3:23  Supply Depot  
  30  3:25  SCV  
  34  3:28  Marine  
  34  3:33  Supply Depot  
  35  3:36  Factory Reactor  
  35  3:40  Starport  
  35  3:45  SCV  
  35  3:47  SCV  
  37  3:49  Marine  
  37  3:50  Marine x2  
  40  3:57  SCV  
  40  4:02  Supply Depot  
  41  4:04  SCV  
  41  4:07  Marine  
  41  4:08  Marine x2  
  41  4:09  SCV  
  46  4:19  SCV  
  46  4:22  Medivac x2  
  51  4:26  SCV  
  51  4:27  Factory Tech Lab  
  51  4:28  Marine x2  
  51  4:29  Marine  
  55  4:39  Supply Depot  
  55  4:40  SCV  
  55  4:41  Engineering Bay  
  55  4:42  SCV, Engineering Bay  
  57  4:46  Marine x2  
  57  4:47  Marine  
  60  5:08  Combat Shield, Marine x3  
  60  5:10  Siege Tank  
  66  5:19  Terran Infantry Weapons Level 1  
  66  5:20  Command Center  
  66  5:21  Refinery  
  66  5:22  SCV  
  66  5:23  SCV  
  66  5:26  Terran Infantry Armor Level 1  
  68  5:32  Marine x2  
  68  5:33  Marine  
  71  5:36  Supply Depot  
  71  5:38  Supply Depot  
  65  6:04  SCV x2  
  57  6:08  Medivac x2  
  61  6:12  Barracks  
  61  6:13  Refinery  
  61  6:14  Barracks  
  61  6:16  SCV x2, Barracks  
  61  6:17  Barracks  
  63  6:19  Widow Mine  
  65  6:28  SCV, Marine x3  
  65  6:32  Armory, SCV  
  70  6:37  Orbital Command  
  70  6:45  Siege Tank  
  70  6:46  Marine  
  74  7:01  Orbital Command  
  73  7:15  SCV x2  
  75  7:17  Siege Tank, Marine x2  
  75  7:18  Barracks Reactor, Barracks Tech Lab  
  75  7:19  Barracks Reactor  
  80  7:26  Terran Infantry Weapons Level 2  
  80  7:27  SCV x2  
  80  7:28  Marine  
  83  7:38  Marine  
  83  7:40  Barracks Reactor  
  84  7:44  Terran Infantry Armor Level 2  
  84  8:04  Siege Tank, Marine x3  
  84  8:05  Marine x5  
  95  8:16  SCV x3  
  95  8:17  Supply Depot x2  
  95  8:18  Supply Depot  
  98  8:22  Marine x7  
  98  8:23  Marine  
  105  8:28  SCV x3  
  102  8:39  Marine x3  
  102  8:40  Marine x3  
  102  8:41  Marauder x2  
  107  8:54  Marine x2  
  105  8:57  Marine x2  
  105  9:02  Marauder x2, Marine x2  
  112  9:03  Marine x2  
  112  9:04  SCV x3  
  112  9:07  Refinery  
  118  9:10  Refinery  
  118  9:12  Marine x2  
  118  9:14  Marine  
  118  9:15  Marine  
  118  9:16  SCV x3  
  118  9:17  Command Center  
  125  9:20  Marine x2  
  125  9:24  Marauder  
  116  9:36  Marauder, Marine x6  
  116  9:38  SCV x3, Marine x2  
  126  9:50  SCV  
  112  9:52  Marine  
  112  9:53  Marine x2  
  112  9:54  Marine  
  112  9:57  Marauder, Marine x4  
  112  9:58  Marine  
  120  10:11  Marauder  
  120  10:12  Marine x3  
  124  10:19  Marauder  
  126  10:28  Marine x2  
  125  10:30  Marine x3  
  125  10:31  Marine  
  125  10:32  Marauder  
  125  10:33  Marine  
  125  10:34  Marine  
Show
View Real Time Build Order
Export as new Build Order

nicesticky Zerg 

Build Orders: Hatch First 

Get SALT Encoding   

  12  0:01  Drone  
  13  0:15  Overlord  
  13  0:17  Drone  
  14  0:33  Drone x2  
  16  0:38  Drone  
  17  0:57  Hatchery  
  16  1:07  Spawning Pool  
  16  1:10  Drone  
  16  1:16  Extractor, Drone  
  16  1:19  Drone  
  16  1:24  Drone  
  18  1:34  Drone  
  19  1:49  Overlord  
  19  1:56  Queen  
  19  1:57  Zergling x2  
  22  2:09  Queen  
  22  2:11  Drone x2  
  26  2:18  Drone  
  27  2:27  Drone  
  27  2:28  Drone  
  29  2:43  Metabolic Boost  
  29  2:45  Drone x2  
  29  2:46  Drone  
  32  2:56  Hatchery  
  32  2:57  Queen  
  33  3:06  Overlord  
  33  3:07  Overlord  
  33  3:27  Drone x3  
  33  3:28  Drone x6  
  42  3:40  Queen  
  44  3:42  Overlord x2  
  44  3:48  Lair  
  44  4:03  Baneling Nest  
  43  4:11  Zergling x6  
  43  4:12  Zergling x8  
  43  4:14  Queen  
  52  4:30  Drone x5  
  52  4:31  Drone x5  
  62  4:48  Centrifical Hooks, Extractor  
  62  4:49  Extractor  
  62  4:51  Spore Crawler  
  59  4:54  Overlord x3, Extractor  
  58  5:03  Baneling x5  
  58  5:06  Baneling  
  58  5:07  Zergling x2  
  58  5:08  Zergling x14  
  66  5:23  Drone x6  
  66  5:24  Drone x3  
  75  5:34  Overlord x3  
  75  5:40  Evolution Chamber x2  
  63  6:03  Spore Crawler, Drone  
  63  6:04  Drone x5  
  66  6:16  Queen  
  66  6:17  Zergling x4  
  66  6:18  Zergling x14  
  75  6:19  Baneling x2  
  75  6:20  Baneling x4  
  75  6:21  Baneling x3  
  77  6:26  Zerg Melee Weapons Level 1, Zerg Ground Armor Level 1  
  77  6:58  Baneling x4  
  77  6:59  Baneling x6  
  77  7:09  Baneling Nest  
  77  7:15  Zergling x8  
  78  7:16  Zergling x10  
  78  7:19  Extractor  
  78  7:20  Extractor  
  78  7:21  Spore Crawler  
  81  7:49  Hatchery  
  80  7:56  Zergling x10  
  80  7:57  Zergling x14  
  80  7:58  Baneling x4  
  92  7:59  Baneling x2  
  92  8:09  Zergling x12  
  92  8:10  Zergling x4  
  94  8:30  Zergling x4  
  94  8:31  Zergling x8  
  94  8:32  Baneling  
  92  9:08  Overlord x3  
  92  9:09  Infestation Pit, Overlord  
  91  9:12  Baneling x4  
  91  9:16  Baneling  
  91  9:17  Baneling x3  
  91  9:18  Queen  
  73  9:33  Zergling x8  
  73  9:34  Zergling x12  
  73  9:35  Zergling x4  
  70  9:55  Zergling x12  
  70  9:57  Baneling x5  
  70  9:58  Baneling  
  72  10:06  Zergling x4  
  72  10:07  Zergling x10  
  74  10:11  Hatchery  
  76  10:19  Hatchery  
  72  10:23  Zergling x6  
  72  10:24  Zergling x8  
  76  10:34  Baneling x2  
  76  10:35  Baneling x6  
  70  10:36  Baneling  
  70  10:37  Zergling x6  
  70  10:38  Zergling x4  
Tags
 
League
Diamond
Matchup
TvZ
Replay Pack
r1
Spawn Locations
Cross Positions
Add a new tag
Caveats
  • Supply blocks, unpowered buildings, or Contaminate may cause inaccurate times.
  • Supply counts are checked every 10 seconds.